Map: Blueshift LE

Players

Denver - Winner!

  • Race: Zerg Zerg
  • Spawn Location: 1:00

Cuddlebear

  • Race: Terran Terran
  • Spawn Location: 7:00

Event: WCS Montreal 2018

VOD

Have the link to the VOD?

Description

Time

  • Played on: Sept. 7, 2018, 3:43 p.m.
  • Length: 12:51

All games in this series

Show
View Real Time Build Order
Export as new Build Order

Denver Zerg - Winner!

Build Orders: Pool First 

Get SALT Encoding   

  12  0:02  Drone  
  13  0:13  Overlord  
  13  0:17  Drone  
  14  0:31  Drone x2  
  16  0:42  Spawning Pool  
  15  0:43  Drone  
  15  0:48  Drone  
  17  1:10  Hatchery  
  16  1:12  Drone  
  17  1:29  Zergling x6  
  17  1:30  Queen  
  22  1:34  Extractor  
  21  1:40  Overlord  
  21  1:51  Drone  
  22  2:01  Drone  
  23  2:06  Queen  
  25  2:11  Drone  
  26  2:23  Queen  
  26  2:24  Drone x2  
  30  2:33  Drone x2  
  30  2:36  Metabolic Boost  
  32  2:39  Drone x2  
  34  2:44  Overlord  
  34  2:48  Drone  
  34  2:49  Drone  
  36  3:05  Hatchery  
  36  3:07  Drone  
  36  3:11  Drone  
  37  3:14  Drone x2  
  37  3:18  Drone x2  
  41  3:22  Drone  
  41  3:25  Drone  
  43  3:27  Overlord  
  43  3:35  Overlord  
  43  3:38  Zergling x2  
  44  3:43  Overlord  
  44  3:45  Queen  
  44  3:47  Zergling x2  
  44  3:48  Zergling x2  
  48  3:52  Zergling x4  
  50  3:56  Drone x2  
  50  3:58  Zergling x2  
  53  4:03  Drone  
  53  4:04  Drone, Queen  
  57  4:14  Drone  
  57  4:15  Drone  
  59  4:18  Baneling Nest  
  59  4:20  Drone x2  
  59  4:21  Drone, Queen  
  63  4:25  Drone x2  
  62  4:32  Drone x4  
  62  4:36  Queen  
  68  4:40  Drone x2  
  68  4:43  Overlord  
  70  4:46  Overlord  
  70  4:49  Zergling x2  
  70  4:52  Zergling x2  
  69  4:56  Zergling x2, Queen  
  69  4:59  Queen  
  73  5:01  Zergling x2  
  73  5:02  Zergling x4  
  73  5:05  Zergling x4  
  76  5:12  Spore Crawler, Evolution Chamber x2  
  73  5:16  Zergling x10  
  73  5:20  Drone x3  
  81  5:22  Drone  
  82  5:33  Baneling x2  
  82  5:34  Baneling x2  
  80  5:38  Zergling x14  
  80  5:42  Queen  
  74  5:43  Queen  
  74  5:49  Zergling x10  
  77  5:57  Zerg Ground Armor Level 1, Zerg Melee Weapons Level 1  
  77  5:59  Zergling x8  
  81  6:04  Lair  
  81  6:08  Overlord  
  81  6:11  Baneling  
  81  6:15  Hatchery  
  81  6:16  Overlord  
  80  6:22  Baneling  
  80  6:25  Extractor x2, Overlord  
  78  6:30  Zergling x2  
  78  6:31  Zergling x18  
  79  6:35  Queen  
  77  6:43  Drone x5  
  77  6:45  Queen  
  80  6:51  Drone x2  
  78  6:58  Drone  
  78  7:00  Drone x3  
  82  7:05  Spore Crawler  
  82  7:07  Extractor  
  80  7:08  Zergling x2  
  80  7:09  Zergling x8  
  80  7:10  Queen  
  80  7:11  Queen  
  89  7:18  Drone x3  
  89  7:20  Extractor  
  91  7:23  Centrifical Hooks  
  91  7:30  Drone x2  
  91  7:31  Zergling x10  
  91  7:33  Overlord x2  
  91  7:34  Overlord  
  98  7:41  Drone x2  
  100  7:49  Baneling x8  
  100  7:51  Zergling x8  
  103  7:55  Drone x4  
  107  8:00  Drone x4  
  107  8:01  Drone, Spore Crawler  
  111  8:06  Baneling x6  
  111  8:10  Zergling x10  
  115  8:17  Zergling x2  
  115  8:18  Zergling x6  
  115  8:19  Queen  
  121  8:27  Zergling x14  
  121  8:33  Zerg Ground Armor Level 2  
  127  8:34  Extractor, Spore Crawler, Overlord  
  127  8:38  Overlord  
  125  8:43  Overlord  
  125  8:46  Overlord  
  122  8:51  Zerg Melee Weapons Level 2  
  122  8:56  Zergling x12  
  122  9:00  Overlord  
  128  9:04  Drone x9  
  128  9:07  Zergling x4  
  128  9:08  Burrow  
  136  9:13  Zergling x8  
  138  9:20  Hatchery  
  138  9:23  Zergling x8  
  138  9:24  Zergling x4  
  143  9:28  Overlord  
  143  9:33  Drone x3  
  143  9:35  Hydralisk Den  
  143  9:36  Zergling x10  
  148  9:41  Baneling x9  
  148  9:42  Baneling  
  145  9:53  Zergling x2  
  145  9:54  Zergling x20  
  145  9:58  Drone x4  
  158  10:07  Grooved Spines  
  158  10:11  Baneling x15  
  158  10:12  Baneling  
  158  10:14  Overlord  
  158  10:16  Overlord  
  158  10:26  Hydralisk x5, Hatchery, Overlord  
  167  10:28  Baneling  
  162  10:41  Zergling x2  
  162  10:42  Zergling x30  
  165  10:43  Zergling x2  
  161  10:54  Hydralisk, Baneling x14  
  161  10:55  Zergling x6  
  166  11:01  Hydralisk x2  
  166  11:04  Zergling x2  
  166  11:05  Zergling x10  
  169  11:14  Pneumatized Carapace  
  169  11:18  Zergling x24  
  181  11:19  Muscular Augments  
  181  11:24  Baneling x9  
  181  11:25  Baneling  
  181  11:29  Drone x2  
  181  11:30  Extractor, Drone  
  181  11:35  Zergling x16  
  187  11:40  Infestation Pit  
  187  11:44  Zergling x2  
  187  11:45  Zergling x14  
  191  11:57  Zergling x22  
  191  12:01  Baneling x11  
  200  12:03  Overlord  
  200  12:04  Overlord  
  189  12:23  Hydralisk, Zergling x4  
  189  12:24  Hydralisk, Zergling x30  
  193  12:31  Zergling x14  
Show
View Real Time Build Order
Export as new Build Order

Cuddlebear Terran 

Build Orders: Reaper Expand, MMM Bio 

Get SALT Encoding   

  12  0:00  SCV  
  13  0:13  SCV  
  14  0:17  Supply Depot  
  14  0:25  SCV  
  15  0:38  SCV  
  15  0:41  Barracks  
  16  0:48  Refinery  
  16  0:50  SCV  
  17  1:03  SCV  
  18  1:15  SCV  
  19  1:28  Orbital Command  
  19  1:32  Reaper  
  20  1:42  Command Center  
  20  1:52  Barracks  
  20  1:55  SCV  
  21  2:02  Refinery  
  21  2:05  Barracks Reactor  
  21  2:13  Supply Depot  
  21  2:15  SCV  
  22  2:28  SCV  
  23  2:31  Factory  
  23  2:39  Barracks Tech Lab  
  23  2:40  SCV  
  23  2:42  Marine x2  
  26  2:54  SCV  
  26  2:57  Orbital Command  
  27  3:02  Stimpack  
  27  3:03  Marine  
  28  3:07  Marine  
  28  3:10  Marine  
  28  3:12  SCV  
  31  3:20  Starport  
  31  3:24  Factory Reactor, Marine  
  32  3:27  SCV  
  32  3:30  SCV  
  32  3:31  Marine  
  35  3:36  Marine  
  35  3:39  SCV  
  37  3:42  SCV  
  37  3:47  Marine  
  38  3:51  Marine  
  38  3:54  Marine  
  40  3:56  Supply Depot  
  40  4:01  Medivac, Armory  
  41  4:06  Hellion  
  43  4:12  Hellion  
  43  4:13  Marine  
  46  4:18  Marine x2  
  46  4:19  Supply Depot  
  48  4:26  Supply Depot  
  48  4:32  Medivac, Hellion  
  53  4:40  Hellion  
  53  4:44  Engineering Bay  
  54  4:48  Engineering Bay  
  54  4:49  Marine  
  54  4:50  SCV  
  56  4:53  Marine  
  56  4:54  Liberator  
  56  5:04  Marine  
  56  5:09  Marine  
  56  5:10  Hellion x2  
  64  5:18  Combat Shields  
  64  5:19  Marine  
  65  5:24  SCV  
  65  5:25  SCV  
  64  5:36  Marine  
  64  5:37  SCV x2  
  58  5:46  Marine  
  58  5:47  Marine  
  58  5:49  SCV  
  59  5:50  SCV  
  59  5:54  Marine  
  58  5:59  Terran Infantry Weapons Level 1  
  58  6:00  Terran Infantry Armor Level 1  
  58  6:01  SCV  
  58  6:02  SCV  
  60  6:05  Marine  
  60  6:11  Marine  
  61  6:13  SCV  
  61  6:14  SCV  
  61  6:15  Marine  
  65  6:23  Marine  
  65  6:25  SCV  
  67  6:26  SCV  
  67  6:29  Marine  
  65  6:33  Medivac x2  
  65  6:37  SCV  
  65  6:39  SCV  
  66  6:41  Marine  
  66  6:43  Marine  
  65  6:49  SCV  
  65  6:51  SCV, Command Center  
  65  6:53  Marine  
  59  6:58  Armory, Marine  
  59  7:00  Liberator  
  59  7:01  SCV, Marine, Refinery x2  
  60  7:06  SCV  
  63  7:13  SCV  
  65  7:16  Marine  
  65  7:18  Medivac  
  70  7:25  Supply Depot  
  70  7:26  Supply Depot  
  70  7:27  Supply Depot  
  70  7:35  Factory Tech Lab  
  70  7:40  Barracks  
  70  7:41  Barracks x2  
  70  7:43  SCV x2, Marine x3  
  75  7:52  Medivac  
  75  7:55  Terran Infantry Weapons Level 2  
  75  7:56  Supply Depot  
  75  7:57  Supply Depot  
  77  8:04  Marine  
  78  8:05  Terran Infantry Armor Level 2  
  78  8:13  SCV, Marine x2  
  78  8:16  SCV  
  78  8:18  Medivac  
  85  8:28  Medivac, Marine  
  85  8:29  Marine  
  85  8:31  Marine  
  85  8:32  Marine x2  
  85  8:33  Orbital Command  
  92  8:34  Marine  
  92  8:37  Siege Tank  
  95  8:46  Marine x2  
  94  8:49  Marine  
  94  8:50  Marine  
  94  8:53  Orbital Command  
  96  8:57  Marine  
  96  9:02  Barracks Reactor  
  94  9:14  Marine x2  
  94  9:15  Barracks Reactor x2, Marine  
  94  9:16  Siege Tank  
  99  9:21  SCV x2  
  101  9:32  Marine x2  
  101  9:33  Medivac, Marine  
  101  9:34  Medivac  
  101  9:38  SCV x3  
  111  9:44  Refinery  
  111  9:45  Marine, Factory, Refinery  
  111  9:47  Marine  
  111  9:49  Marine  
  111  9:50  SCV x2, Marine x2  
  118  9:54  Marine  
  118  9:55  Marine  
  118  9:57  Marine x2  
  118  9:58  Siege Tank  
  118  9:59  SCV  
  125  10:03  Marine  
  125  10:05  SCV  
  127  10:07  SCV, Marine x2  
  127  10:08  Marine  
  127  10:11  SCV, Marine  
  133  10:16  Marine  
  133  10:24  Supply Depot x2  
  133  10:25  Supply Depot x2  
  133  10:26  Marine x4  
  137  10:34  Marine  
  138  10:40  Marine  
  138  10:42  Factory Tech Lab  
  127  10:43  Marine x2  
  129  10:50  Siege Tank, Marine x3  
  129  10:51  Medivac x2  
  129  10:53  SCV  
  129  10:55  SCV  
  141  11:02  Marine x3  
  141  11:03  Siege Tank  
  141  11:04  SCV, Marine  
  148  11:08  Marine  
  148  11:09  Marine  
  151  11:15  Marine  
  151  11:17  Marine  
  154  11:20  Marine x2  
  154  11:21  Marine  
  154  11:23  Marine  
  157  11:27  Marine  
  158  11:35  Marine  
  158  11:36  Medivac, Siege Tank x2, Marine  
  166  11:59  Marine x3  
  165  12:03  Command Center  
  165  12:05  Supply Depot  
  165  12:06  Supply Depot  
  160  12:20  Marine  
  153  12:27  Marine  
  153  12:28  Marine  
  153  12:29  Marine  
  140  12:32  Marine  
Tags
 
Add a new tag
Caveats
  • Supply blocks, unpowered buildings, or Contaminate may cause inaccurate times.
  • Supply counts are checked every 10 seconds.